[ AOE2 MATCH · #506575653 ]
UnrankedAztecs vs Georgians
Player's team · LOSS
[ REPLAY ANALYSIS · EXTRACTED FROM THE RECORDED GAME ]
Feudal
11:14
Castle
21:56
Imperial
—
| APM avg | 49.9 |
| APM peak | 76 |
| eAPM avg | 26.6 |
| Villagers / military | 98 / 15 |
Focus
⚔️ 44.7% · 🌾 55.3%
Spearman ×13 · Fishing Ship ×10 · Monk ×2
Feudal
8:25
Castle
21:47
Imperial
—
| APM avg | 65.1 |
| APM peak | 124 |
| eAPM avg | 27.4 |
| Villagers / military | 60 / 58 |
Focus
⚔️ 32.6% · 🌾 67.4%
Cavalry Archer ×46 · Scout Cavalry ×11 · Monk ×1
Match map
Initial resources + every placement click. Lines = walls · curves = elevation contours. ◆ gold · ⬟ stone · ● berries · ✦ relic · ◌ wall gap
Your base· Open — 10t gap
Joselu9710's base· Open — 12t gap
Smoothed initial terrain · ◌ = detected wall gap · hover for details
Inputs per minute
— link_chaos - - Joselu9710
Build order — link_chaos
First 150 of 225 actions detected
| 0:00 | Create | Villager (Male) |
| 0:00 | Create | Villager (Male) |
| 0:02 | Build | House |
| 0:03 | Build | House |
| 0:05 | Create | Villager (Male) |
| 0:05 | Create | Villager (Male) |
| 1:15 | Create | Villager (Male) |
| 1:51 | Build | Lumber Camp |
| 2:11 | Create | Villager (Male) |
| 2:25 | Create | Villager (Male) |
| 2:36 | Create | Villager (Male) |
| 3:01 | Create | Villager (Male) |
| 3:14 | Build | House |
| 3:16 | Create | Villager (Male) |
| 3:47 | Build | Palisade Wall |
| 4:02 | Create | Villager (Male) |
| 4:15 | Create | Villager (Male) |
| 4:32 | Create | Villager (Male) |
| 4:47 | Build | Palisade Wall |
| 4:49 | Build | Palisade Wall |
| 5:00 | Create | Villager (Male) |
| 5:09 | Build | House |
| 5:10 | Build | Palisade Wall |
| 5:30 | Build | House |
| 5:31 | Build | Palisade Wall |
| 5:35 | Build | Palisade Wall |
| 5:38 | Build | Dock |
| 6:00 | Create | Villager (Male) |
| 6:01 | Create | Villager (Male) |
| 6:01 | Create | Villager (Male) |
| 6:15 | Create | Fishing Ship |
| 6:26 | Create | Villager (Male) |
| 6:37 | Build | House |
| 6:42 | Create | Villager (Male) |
| 6:43 | Create | Fishing Ship |
| 6:45 | Create | Villager (Male) |
| 7:01 | Build | House |
| 7:05 | Research | Loom |
| 7:13 | Create | Fishing Ship |
| 7:20 | Create | Villager (Male) |
| 7:29 | Build | Mill |
| 7:33 | Build | House |
| 7:35 | Create | Villager (Male) |
| 7:36 | Create | Villager (Male) |
| 7:38 | Build | Palisade Wall |
| 7:40 | Build | Palisade Wall |
| 7:54 | Create | Villager (Male) |
| 8:03 | Create | Villager (Male) |
| 8:09 | Build | Palisade Wall |
| 8:11 | Build | Palisade Wall |
| 8:17 | Create | Villager (Male) |
| 8:35 | Create | Villager (Male) |
| 8:40 | Build | Palisade Wall |
| 9:04 | Research | Feudal Age |
| 9:52 | Create | Villager (Male) |
| 10:06 | Build | House |
| 10:23 | Build | Palisade Gate |
| 10:32 | Build | House |
| 10:35 | Build | House |
| 10:39 | Create | Villager (Male) |
| 10:51 | Create | Fishing Ship |
| 10:58 | Build | Barracks |
| 10:59 | Create | Villager (Male) |
| 11:05 | Create | Villager (Male) |
| 11:14 | Age | Feudal Age |
| 11:17 | Create | Villager (Male) |
| 11:19 | Create | Villager (Male) |
| 11:24 | Build | Mining Camp |
| 11:25 | Create | Villager (Male) |
| 11:25 | Create | Villager (Male) |
| 11:36 | Create | Villager (Male) |
| 11:45 | Build | Fish Trap |
| 12:01 | Build | Fish Trap |
| 12:02 | Create | Villager (Male) |
| 12:11 | Build | Watch Tower |
| 12:12 | Create | Villager (Male) |
| 12:14 | Build | Mining Camp |
| 12:15 | Create | Villager (Male) |
| 12:31 | Create | Villager (Male) |
| 12:38 | Create | Spearman |
| 12:41 | Create | Villager (Male) |
| 12:41 | Create | Villager (Male) |
| 12:48 | Create | Villager (Male) |
| 12:53 | Build | Stone Wall |
| 12:58 | Build | Stone Wall |
| 13:00 | Build | Stone Wall |
| 13:05 | Create | Villager (Male) |
| 13:05 | Create | Villager (Male) |
| 13:05 | Create | Villager (Male) |
| 13:24 | Build | Stone Wall |
| 13:33 | Build | Stone Wall |
| 13:33 | Create | Villager (Male) |
| 13:33 | Create | Villager (Male) |
| 13:48 | Build | Farm |
| 13:56 | Build | Stone Wall |
| 14:01 | Build | Mining Camp |
| 14:01 | Create | Villager (Male) |
| 14:27 | Create | Villager (Male) |
| 14:39 | Research | Double-Bit Axe |
| 14:44 | Build | Market |
| 14:44 | Create | Villager (Male) |
| 14:48 | Build | Stone Wall |
| 14:58 | Create | Villager (Male) |
| 15:07 | Create | Fishing Ship |
| 15:12 | Build | Fish Trap |
| 15:14 | Create | Villager (Male) |
| 15:20 | Build | Stone Wall |
| 15:27 | Research | Horse Collar |
| 15:30 | Build | Farm |
| 15:38 | Create | Villager (Male) |
| 15:38 | Create | Villager (Male) |
| 15:39 | Create | Villager (Male) |
| 15:49 | Build | Palisade Gate |
| 15:51 | Create | Villager (Male) |
| 15:55 | Create | Fishing Ship |
| 16:16 | Build | Fish Trap |
| 16:23 | Build | Farm |
| 16:27 | Create | Villager (Male) |
| 16:27 | Create | Villager (Male) |
| 16:41 | Create | Spearman |
| 16:41 | Create | Spearman |
| 16:51 | Create | Villager (Male) |
| 16:55 | Build | House |
| 16:58 | Build | House |
| 17:09 | Research | Wheelbarrow |
| 17:20 | Build | Stone Wall |
| 17:29 | Build | Stone Wall |
| 17:44 | Create | Villager (Male) |
| 17:46 | Build | House |
| 17:49 | Build | Farm |
| 17:49 | Build | Farm |
| 17:52 | Create | Villager (Male) |
| 18:20 | Build | Stone Wall |
| 18:48 | Build | Farm |
| 18:48 | Create | Villager (Male) |
| 18:51 | Build | Blacksmith |
| 19:16 | Research | Castle Age |
| 19:24 | Build | Fish Trap |
| 19:25 | Create | Fishing Ship |
| 19:44 | Research | Gold Mining |
| 20:01 | Build | Stone Wall |
| 20:14 | Build | Gate |
| 20:29 | Create | Villager (Male) |
| 20:55 | Build | Palisade Wall |
| 21:02 | Build | Fish Trap |
| 21:18 | Build | Fish Trap |
| 21:20 | Build | House |
| 21:25 | Create | Fishing Ship |
| 21:29 | Research | Tech 906 |
| 21:56 | Age | Castle Age |
Build order — Joselu9710
First 150 of 189 actions detected
| 0:00 | Create | Villager (Male) |
| 0:00 | Create | Villager (Male) |
| 0:01 | Build | House |
| 0:03 | Build | House |
| 0:05 | Create | Villager (Male) |
| 0:05 | Create | Villager (Male) |
| 1:29 | Create | Villager (Male) |
| 1:50 | Create | Villager (Male) |
| 1:50 | Create | Villager (Male) |
| 2:26 | Create | Villager (Male) |
| 2:27 | Create | Villager (Male) |
| 2:28 | Create | Villager (Male) |
| 3:11 | Create | Villager (Male) |
| 3:12 | Create | Villager (Male) |
| 3:54 | Build | House |
| 3:58 | Build | House |
| 3:59 | Build | House |
| 4:00 | Build | Palisade Wall |
| 4:03 | Create | Villager (Male) |
| 4:12 | Create | Villager (Male) |
| 4:50 | Create | Villager (Male) |
| 4:51 | Create | Villager (Male) |
| 4:52 | Research | Loom |
| 5:05 | Build | Mill |
| 6:12 | Research | Feudal Age |
| 6:12 | Research | Feudal Age |
| 7:06 | Build | Barracks |
| 7:39 | Create | Villager (Male) |
| 8:02 | Create | Villager (Male) |
| 8:09 | Build | House |
| 8:13 | Build | Palisade Wall |
| 8:13 | Build | Palisade Wall |
| 8:15 | Build | Palisade Wall |
| 8:25 | Age | Feudal Age |
| 8:28 | Build | Stable |
| 8:29 | Build | Palisade Wall |
| 8:34 | Research | Double-Bit Axe |
| 8:46 | Create | Villager (Male) |
| 9:10 | Create | Scout Cavalry |
| 9:21 | Create | Villager (Male) |
| 9:28 | Create | Scout Cavalry |
| 9:51 | Build | Farm |
| 9:54 | Create | Villager (Male) |
| 10:09 | Create | Scout Cavalry |
| 10:28 | Create | Villager (Male) |
| 10:47 | Create | Villager (Male) |
| 10:52 | Create | Villager (Male) |
| 11:04 | Build | Watch Tower |
| 11:18 | Create | Scout Cavalry |
| 11:19 | Create | Villager (Male) |
| 11:21 | Build | Farm |
| 11:41 | Build | Watch Tower |
| 11:43 | Create | Villager (Male) |
| 11:47 | Build | House |
| 11:50 | Create | Scout Cavalry |
| 11:51 | Create | Scout Cavalry |
| 12:00 | Build | Mule Cart |
| 12:12 | Build | Farm |
| 12:12 | Build | Farm |
| 12:15 | Build | Farm |
| 12:21 | Create | Scout Cavalry |
| 12:21 | Create | Scout Cavalry |
| 12:26 | Create | Villager (Male) |
| 12:37 | Build | Farm |
| 12:38 | Build | Farm |
| 12:59 | Create | Scout Cavalry |
| 13:11 | Create | Scout Cavalry |
| 13:27 | Create | Scout Cavalry |
| 13:39 | Create | Villager (Male) |
| 13:48 | Build | Watch Tower |
| 13:49 | Create | Villager (Male) |
| 14:11 | Build | Farm |
| 14:12 | Build | Farm |
| 14:16 | Build | Mule Cart |
| 14:24 | Build | House |
| 14:35 | Build | Watch Tower |
| 14:35 | Create | Villager (Male) |
| 14:44 | Build | House |
| 14:45 | Build | House |
| 15:09 | Build | Farm |
| 15:29 | Build | Watch Tower |
| 15:32 | Create | Villager (Male) |
| 15:54 | Create | Villager (Male) |
| 16:17 | Create | Villager (Male) |
| 16:23 | Build | House |
| 16:25 | Build | Farm |
| 16:28 | Build | Farm |
| 16:29 | Build | Farm |
| 16:58 | Create | Villager (Male) |
| 17:12 | Build | House |
| 17:13 | Build | House |
| 17:23 | Create | Villager (Male) |
| 17:25 | Build | Farm |
| 17:42 | Create | Villager (Male) |
| 17:54 | Build | Market |
| 18:06 | Create | Villager (Male) |
| 19:07 | Research | Castle Age |
| 19:07 | Research | Castle Age |
| 19:44 | Build | Archery Range |
| 19:45 | Build | Archery Range |
| 20:01 | Create | Villager (Male) |
| 20:28 | Build | Palisade Gate |
| 20:30 | Build | Palisade Wall |
| 20:43 | Research | Horse Collar |
| 21:04 | Create | Villager (Male) |
| 21:12 | Build | House |
| 21:19 | Build | Blacksmith |
| 21:46 | Build | House |
| 21:47 | Age | Castle Age |
| 21:47 | Build | Palisade Wall |
| 21:49 | Create | Cavalry Archer |
| 21:50 | Create | Cavalry Archer |
| 21:54 | Create | Villager (Male) |
| 21:59 | Create | Villager (Male) |
| 22:11 | Build | Mule Cart |
| 22:15 | Research | Fletching |
| 22:15 | Research | Fletching |
| 22:21 | Create | Villager (Male) |
| 22:41 | Create | Cavalry Archer |
| 22:42 | Create | Cavalry Archer |
| 22:42 | Create | Cavalry Archer |
| 22:56 | Build | Monastery |
| 23:02 | Create | Cavalry Archer |
| 23:03 | Research | Bodkin Arrow |
| 23:03 | Research | Bodkin Arrow |
| 23:03 | Create | Villager (Male) |
| 23:17 | Create | Cavalry Archer ×3 |
| 23:17 | Create | Villager (Male) |
| 23:25 | Create | Villager (Male) |
| 23:45 | Create | Villager (Male) |
| 23:47 | Create | Monk |
| 24:05 | Build | Archery Range |
| 24:12 | Create | Cavalry Archer ×4 |
| 24:12 | Create | Cavalry Archer ×4 |
| 24:13 | Create | Villager (Male) |
| 24:24 | Create | Villager (Male) |
| 24:30 | Create | Cavalry Archer ×4 |
| 24:30 | Create | Cavalry Archer ×4 |
| 24:33 | Create | Villager (Male) |
| 24:40 | Create | Cavalry Archer ×3 |
| 24:40 | Create | Cavalry Archer ×3 |
| 24:48 | Build | Archery Range |
| 24:52 | Create | Cavalry Archer ×2 |
| 25:05 | Build | University |
| 25:09 | Create | Cavalry Archer ×2 |
| 25:09 | Create | Cavalry Archer ×2 |
| 25:09 | Create | Villager (Male) |
| 25:17 | Build | Palisade Wall |
| 25:23 | Create | Cavalry Archer ×3 |
| 25:23 | Create | Cavalry Archer ×3 |
Match timeline
| 3:47 | link_chaos · wall_segment Palisade Wall x9 |
| 4:00 | Joselu9710 · wall_segment Palisade Wall x1 |
| 4:47 | link_chaos · wall_segment Palisade Wall x1 |
| 4:49 | link_chaos · wall_segment Palisade Wall x2 |
| 5:10 | link_chaos · wall_segment Palisade Wall x5 |
| 5:31 | link_chaos · wall_segment Palisade Wall x3 |
| 5:35 | link_chaos · wall_segment Palisade Wall x1 |
| 5:38 | link_chaos · first_building Dock |
| 7:06 | Joselu9710 · first_building Barracks |
| 7:38 | link_chaos · wall_segment Palisade Wall x2 |
| 7:40 | link_chaos · wall_segment Palisade Wall x11 |
| 8:09 | link_chaos · wall_segment Palisade Wall x5 |
| 8:11 | link_chaos · wall_segment Palisade Wall x13 |
| 8:13 | Joselu9710 · wall_segment Palisade Wall x1 |
| 8:13 | Joselu9710 · wall_segment Palisade Wall x1 |
| 8:15 | Joselu9710 · wall_segment Palisade Wall x4 |
| 8:25 | Joselu9710 · age_up feudal |
| 8:28 | Joselu9710 · first_building Stable |
| 8:29 | Joselu9710 · wall_segment Palisade Wall x2 |
| 8:40 | link_chaos · wall_segment Palisade Wall x8 |
| 10:58 | link_chaos · first_building Barracks |
| 11:14 | link_chaos · age_up feudal |
| 12:53 | link_chaos · wall_segment Stone Wall x2 |
| 12:58 | link_chaos · wall_segment Stone Wall x2 |
| 13:00 | link_chaos · wall_segment Stone Wall x1 |
| 13:24 | link_chaos · wall_segment Stone Wall x3 |
| 13:33 | link_chaos · wall_segment Stone Wall x3 |
| 13:56 | link_chaos · wall_segment Stone Wall x8 |
| 14:48 | link_chaos · wall_segment Stone Wall x10 |
| 15:20 | link_chaos · wall_segment Stone Wall x5 |
| 17:20 | link_chaos · wall_segment Stone Wall x4 |
| 17:29 | link_chaos · wall_segment Stone Wall x4 |
| 18:20 | link_chaos · wall_segment Stone Wall x5 |
| 18:25 | link_chaos · first_market_buy 100 food |
| 18:28 | link_chaos · first_market_sell 500 stone |
| 19:44 | Joselu9710 · first_building Archery Range |
| 20:01 | link_chaos · wall_segment Stone Wall x1 |
| 20:30 | Joselu9710 · wall_segment Palisade Wall x1 |
| 20:55 | link_chaos · wall_segment Palisade Wall x1 |
| 21:47 | Joselu9710 · age_up castle |
| 21:47 | Joselu9710 · wall_segment Palisade Wall x7 |
| 21:56 | link_chaos · age_up castle |
| 22:04 | link_chaos · first_building Monastery |
| 22:40 | Joselu9710 · first_market_buy 100 wood |
| 22:56 | Joselu9710 · first_building Monastery |
| 25:17 | Joselu9710 · wall_segment Palisade Wall x1 |
| 26:10 | link_chaos · first_building Castle |
| 27:10 | link_chaos · first_building Siege Workshop |
| 29:28 | link_chaos · resign |
[ AI ANALYSIS · 1 CREDIT ]
What really happened in this match?
Wolo.gg analyzes every decision: build order, eco, micro, common mistakes by bracket. Personalized analysis on WhatsApp or Discord in 30 seconds.
Civ guide
Aztecs
Perfil
Jugador #210872